 Dungeon Crawl Stone Soup version 0.28.0 (webtiles) character file.

Game seed: 13284109025735981033

51 Prodoman the Magician (level 3, -4/24 HPs)
             Began as a Demonspawn Hedge Wizard on Feb 4, 2022.
             Slain by Crazy Yiuf (8 damage)
             ... on level 2 of the Dungeon.
             The game lasted 00:07:18 (1973 turns).

Prodoman the Magician (Demonspawn Hedge Wizard)     Turns: 1973, Time: 00:07:18

Health: -4/24      AC:  6    Str:  8 (10) XL:     3   Next: 57%
Magic:  0/7        EV: 12    Int: 16 (17) God:
Gold:   42         SH:  0    Dex: 11 (12) Spells: 6/8 levels left

rFire   . . .      SeeInvis .   j - staff of death
rCold   . . .      Faith    .   (no shield)
rNeg    + . .      Spirit   .   l - +1 animal skin
rPois   .          Reflect  .   i - +0 helmet
rElec   .          Harm     .   (no cloak)
rCorr   .          Rampage  .   (no gloves)
Will    .....                   (no boots)
Stlth   ++........              e - amulet of regeneration
HPRegen 0.88/turn               (no ring)
MPRegen 0.10/turn               (no ring)

@: brilliant
A: slimy green scales 1
a: no special abilities


You were on level 2 of the Dungeon.
You visited 1 branch of the dungeon, and saw 2 of its levels.

You collected 42 gold pieces.

Inventory:

Hand Weapons
 a - a +0 dagger
 g - a +2 dagger of venom
Armour
 b - a +0 robe
 c - a +0 hat
 h - a +0 leather armour
 i - a +0 helmet (worn)
 l - a +1 animal skin (worn)
Magical Staves
 j - a staff of death (weapon)
Jewellery
 e - an amulet of regeneration (around neck)


   Skills:
 + Level 0.0 Staves
 + Level 0.3 Armour
 + Level 2.1 Dodging
 - Level 2.0 Stealth
 + Level 3.2 Spellcasting
 + Level 1.6 Conjurations
 + Level 0.8 Hexes
 + Level 1.6 Summonings
 + Level 0.0 Necromancy
 - Level 1.1 Translocations
 + Level 0.0 Evocations


You had 6 spell levels left.
You knew the following spells:

 Your Spells              Type           Power      Damage    Failure   Level
a - Magic Dart            Conj           44%        1d5       10%         1
b - Slow                  Hex            32%        N/A       13%         1

Your spell library contained the following spells:

 Spells                   Type           Power      Damage    Failure   Level
 Call Imp                 Summ           11%        N/A       14%         2
 Blink                    Tloc           18%        N/A       17%         2
 Conjure Flame            Conj/Fire      7%         6-21      36%         3
 Mephitic Cloud           Conj/Pois/Air  6%         N/A       41%         3


Dungeon Overview and Level Annotations

Branches:
Dungeon (2/15)

Altars:

Annotations:
D:2 Crazy Yiuf


Innate Abilities, Weirdness & Mutations

You are partially covered in slimy green scales. (AC +2)


Message History

Press: ? - help, Dir - move target, f/p - Crazy Yiuf
Aim: Crazy Yiuf, wielding a +2 quarterstaff of chaos and wearing a +0 cloak (lightly wounded, slow, about 36% to evade your staff of death)
You hit Crazy Yiuf but do no damage.
Crazy Yiuf is lightly wounded.
Crazy Yiuf is no longer moving slowly.
Crazy Yiuf barely misses you.
Hit: j) staff of death
Press: ? - help, Dir - move target, f/p - Crazy Yiuf
Aim: Crazy Yiuf, wielding a +2 quarterstaff of chaos and wearing a +0 cloak (lightly wounded, about 36% to evade your staff of death)
You hit Crazy Yiuf but do no damage.
Crazy Yiuf is lightly wounded.
Crazy Yiuf says, "Rifle hand shoe!"
Crazy Yiuf hits you with a +2 quarterstaff of chaos!
Ouch! That really hurt!
Crazy Yiuf freezes you.
Hit: j) staff of death
Press: ? - help, Dir - move target, f/p - Crazy Yiuf
Aim: Crazy Yiuf, wielding a +2 quarterstaff of chaos and wearing a +0 cloak (lightly wounded, about 36% to evade your staff of death)
You hit Crazy Yiuf.
Crazy Yiuf is lightly wounded.
Crazy Yiuf closely misses you.
It was a potion of curing.
You feel better. Crazy Yiuf barely misses you.
It was a potion of brilliance.
You feel clever all of a sudden. Crazy Yiuf closely misses you.
Your magical contamination has completely faded away.
It was a potion of degeneration.
There was something very wrong with that liquid.
You feel weakened.
You feel dopey.
You feel clumsy.
Crazy Yiuf hits you with a +2 quarterstaff of chaos!
You convulse.
You hit Crazy Yiuf but do no damage.
Crazy Yiuf is lightly wounded.
Crazy Yiuf hits you with a +2 quarterstaff of chaos!
* * * LOW HITPOINT WARNING * * *
You feel your power leaking away. Crazy Yiuf hits you but does no damage.
You completely miss Crazy Yiuf.
Crazy Yiuf is lightly wounded.
Crazy Yiuf hits you with a +2 quarterstaff of chaos!
You die...

#########
........####♣♣♣♣♣
........##....♣.♣♣♣ ###
........#.@g...♣.g♣#...#
..............♣♣♣♣.'...#
.............♣♣ ♣♣#..)#
.........>##♣♣ ###
####.###..# # #..#
##.### ### ##.#.#### #.#
+.......# #.#


You could see Crazy Yiuf.

Vanquished Creatures
  Robin (D:2)
  An orc (D:2)
  2 ball pythons (D:1)
  2 bats (D:1)
  2 endoplasms
  4 giant cockroaches
  4 goblins (D:2)
  7 hobgoblins
  5 kobolds
  3 quokkas (D:1)
  A frilled lizard (D:1)
32 creatures vanquished.

Notes
Turn   | Place    | Note
-------+----------+-------------------------------------------
     0 | D:1      | Prodoman the Demonspawn Hedge Wizard began the quest for
                  | the Orb.
     0 | D:1      | Reached XP level 1. HP: 13/13 MP: 4/4
   132 | D:1      | Reached skill level 1 in Translocations
   388 | D:1      | Gained mutation: You are partially covered in slimy green
                  | scales. (AC +2) [demonic ancestry]
   388 | D:1      | Reached XP level 2. HP: 17/19 MP: 0/6
   575 | D:1      | Learned a level 1 spell: Slow
  1863 | D:2      | Reached XP level 3. HP: 24/24 MP: 0/7
  1871 | D:2      | Noticed Robin
  1894 | D:2      | Killed Robin
  1947 | D:2      | Found a runed translucent door.
  1948 | D:2      | Noticed Crazy Yiuf
  1973 | D:2      | Slain by Crazy Yiuf

Illustrated notes

Levels and vault maps discovered:
D:1:      dpeg_arrival_three_bigger_balls, layout_basic, amethyst_killhole
D:2:      layout_basic, dreamdust_ecumenical_altar_angels_and_demons,
          uniq_robin, uniq_crazy_yiuf_cottage, uniq_sigmund

Skill      XL: |  1  2 |
---------------+-------+-----
Translocations | 1 |  1.1
Stealth        | 2 |  2.0
Dodging        | 2 |  2.1
Armour         | |  0.3
Spellcasting   | |  3.2
Conjurations   | |  1.6
Hexes          | |  0.8
Summonings     | |  1.6

Action                   || total
-------------------------++-------
Melee: Dagger            ||    44
       Staff             ||     6
 Cast: Magic Dart        ||    62
       Slow              ||     3
  Use: Potion            ||     3
Armor: Robe              ||    10
       Leather armour    ||    15
       Animal skin       ||     1
Dodge: Dodged            ||    35
